 Dungeon Crawl Stone Soup version 0.27.1-33-g824d729ab1 (webtiles) character file.

Game seed: 1611174629037884574

7842 TheLostOne the Cleaver (level 11, -17/64 HPs)
             Began as a Gargoyle Gladiator on Dec 17, 2021.
             Was a High Priest of Okawaru.
             Demolished by a boulder beetle (48 damage)
             ... on level 11 of the Dungeon.
             The game lasted 00:31:07 (9849 turns).

TheLostOne the Cleaver (Gargoyle Gladiator)         Turns: 9849, Time: 00:31:07

Health: -17/64     AC: 21    Str: 20    XL:     11   Next: 21%
Magic:  11/11      EV: 12    Int:  9    God:    Okawaru [*****.]
Gold:   519        SH:  0    Dex: 12    Spells: 10/10 levels left

rFire    + . .     SeeInvis .   G - +2 glaive (venom)
rCold    . . .     Faith    .   (shield currently unavailable)
rNeg     + . .     Spirit   .   B - +3 ring mail {Will+}
rPois    ∞         Reflect  .   c - +0 helmet
rElec    +         Harm     .   v - scarf {repulsion}
rCorr    +         Rampage  .   K - +0 pair of gloves
Will     +....                  L - +0 pair of boots of the Known World {rF+}
Stlth    +.........             f - amulet of regeneration
HPRegen  1.20/turn              A - +4 ring of slaying
MPRegen  0.12/turn              y - ring of resist corrosion

@: repel missiles
A: sickness immunity, AC +8, negative energy resistance 1, electricity
resistance, torment resistance 1, petrification resistance
a: Renounce Religion, Heroism, Finesse


You were on level 11 of the Dungeon.
You worshipped Okawaru.
Okawaru was extremely pleased with you.
You visited 2 branches of the dungeon, and saw 12 of its levels.

You collected 519 gold pieces.

Inventory:

Hand Weapons
 a - a +0 war axe
 D - the +6 hunting sling "Jibri" {venom, rCorr Int+3}
   (You found it on level 5 of the Dungeon)

   Any ammunition fired from it poisons the flesh of those it strikes.
   Int:       It affects your intelligence (+3).
   rCorr:     It protects you from acid and corrosion.
 G - a +2 glaive of venom (weapon)
 P - a +1 scimitar of flaming
Missiles
 d - 6 throwing nets (quivered)
Armour
 c - a +0 helmet (worn)
 v - a scarf of repulsion (worn)
 B - a +3 ring mail of willpower (worn)
 K - a +0 pair of gloves (worn)
 L - the +0 pair of boots of the Known World (worn) {rF+}
   (You found it on level 7 of the Dungeon)

   rF:        It protects you from fire.
Jewellery
 f - an amulet of regeneration (around neck)
 r - a +6 ring of intelligence
 s - an amulet of the acrobat
 x - an amulet of magic regeneration
 y - a ring of resist corrosion (right hand)
 A - a +4 ring of slaying (left hand)
 C - a +4 ring of evasion
 E - an amulet of guardian spirit
 M - a ring of protection from cold
Wands
 J - a wand of flame (17)
Scrolls
 g - a scroll of acquirement {unknown}
 h - a scroll of immolation
 k - 3 scrolls of teleportation
 l - 2 scrolls of enchant armour
 m - a scroll of magic mapping {unknown}
 p - a scroll of noise {unknown}
 q - a scroll of enchant weapon
 t - 4 scrolls of fear
 F - a scroll of vulnerability {unknown}
 I - a scroll of fog {unknown}
 N - 3 scrolls of amnesia
 O - a scroll of brand weapon {unknown}
Potions
 b - 3 potions of heal wounds
 e - a potion of magic
 i - a potion of lignification
 j - 2 potions of haste
 n - 7 potions of curing
 o - a potion of berserk rage {unknown}
 u - a potion of resistance
 w - 2 potions of brilliance
 z - 2 potions of might
 H - a potion of cancellation


   Skills:
 + Level 6.1 Fighting
 + Level 10.1(11.3) Axes
 * Level 8.7(10.7) Polearms
 - Level 1.7 Throwing
 + Level 6.4 Armour
 + Level 4.5 Dodging
 + Level 1.6 Stealth


You had 10 spell levels left.
You didn't know any spells.
Your spell library contained the following spells:

 Spells                   Type           Power      Damage    Failure   Level
 Blink                    Tloc           N/A        N/A       67%         2
 Lesser Beckoning         Tloc           0%         N/A       88%         3
 Petrify                  Tmut/Erth      0%         N/A       99%         4
 Manifold Assault         Tloc           0%         N/A       100%        5
 Metabolic Englaciation   Hex/Ice        0%         N/A       100%        5
 Statue Form              Tmut/Erth      Unusable   N/A       N/A         6

Dungeon Overview and Level Annotations

Branches:
Dungeon (11/15)            Temple (1/1) D:5             Orc (0/2) D:9
   Lair: D:8-11

Altars:
Ashenzari
Cheibriados
Dithmenos
Elyvilon
Fedhas
Hepliaklqana
Kikubaaqudgha
Makhleb
Okawaru
Qazlal
Sif Muna
Trog
Uskayaw
Vehumet
Wu Jian
Xom
Zin
The Shining One

Shops:
D:7 =   D:11 [


Innate Abilities, Weirdness & Mutations

You are immune to sickness and miasma.
Your stone body is resilient. (AC +8)
You are immune to poison.
You resist negative energy. (rN+)
You are resistant to electric shocks. (rElec)
You are resistant to unholy torment.
You are immune to petrification.


Message History

There is a stone staircase leading up here.
Found Qiuxah's Antique Armour Boutique.
You see here the +1 falchion of Vosu Deo {vorpal, rC+}.
There is an entrance to Qiuxah's Antique Armour Boutique here.
You open the door.
There is an open door here.
You open the door.
There is an open door here.
You open the door.
Found 12 gold pieces.
There is an open door here.
You now have 519 gold pieces (gained 12).
You open the door.
There is an open door here.
You open the door.
A boulder beetle, a deep elf pyromancer, a yaktaur and a rakshasa come into view.
The yaktaur shouts!
The deep elf pyromancer shouts!
You hear a shout! x2
You hear a roar!
A boulder beetle comes into view.
The rakshasa weaves an illusion.
The boulder beetle curls into a ball and begins rolling!
You hear a shout! x2
There is an open door here.
The boulder beetle curls into a ball and begins rolling!
A wizard comes into view. It is wielding a +0 dagger.
The wizard shouts!
An eight-headed hydra comes into view.
There is an open door here.
The boulder beetle hits you!!!
Ouch! That really hurt!
The boulder beetle stops rolling and uncurls.
You hear a roar!
The boulder beetle curls into a ball and begins rolling!
The boulder beetle hits you!
The boulder beetle stops rolling and uncurls.
The boulder beetle curls into a ball and begins rolling!
There is an open door here.
The boulder beetle hits you!!!
Ouch! That really hurt!
You die...

#######'#....#
........R....#
.......p.....#
.............#
.........###.#
.......°.###.#
......○......#
###########°.....#
#......<@B○......#
#.........#......#
#.........#......#
#........)#.####.#
#.........#.. .#
#######.....##. ..#
#....##.##..###...
# #..'..##.........
#.#..#....∩........


You could see a boulder beetle (rolling).

Vanquished Creatures
  Erica (D:10)
  Pikel (D:5)
  A cyclops (D:10)
  A gargoyle (D:9)
  An unseen horror (D:7)
  A troll (D:10)
  Prince Ribbit (D:8)
  Sigmund (D:4)
  A yak (D:10)
  Eustachio (D:5)
  A wyvern (D:8)
  4 steam dragons
  Menkaure (D:7)
  2 water moccasins
  2 ice beasts (D:10)
  2 orc warriors (D:7)
  3 sky beasts
  3 black bears
  A necrophage (D:5)
  A wolf (D:10)
  3 ogres
  2 centaurs
  3 phantoms
  3 kobold brigands
  4 bullfrogs
  A scorpion (D:4)
  A gnoll sergeant (D:8)
  7 killer bees (D:8)
  An electric eel (D:10)
  2 howler monkeys
  3 crimson imps (D:5)
  A bullfrog zombie (D:5)
  4 centaur zombies
  2 jellies (D:6)
  A gnoll shaman (D:8)
  2 bullfrog skeletons
  A centaur skeleton (D:7)
  Natasha (thrice) (D:4)
  An iguana (D:6)
  4 orc wizards
  2 howler monkey zombies
  2 adders
  14 gnolls
  A shadow imp (D:8)
  5 white imps
  An ufetubus (D:10)
  An adder skeleton (D:4)
  A worm (D:3)
  3 dart slugs
  15 orcs
  3 bats
  An endoplasm (D:4)
  2 giant cockroaches
  6 goblins
  9 hobgoblins
  17 kobolds
  A ball python (D:1)
  4 frilled lizards
  3 rats
  A spectral orc (D:6)
171 creatures vanquished.

Vanquished Creatures (others)
  A human (D:3)
  A white imp (D:10)
  11 plants (D:5)
13 creatures vanquished.

Grand Total: 184 creatures vanquished

Notes
Turn   | Place    | Note
-------+----------+-------------------------------------------
     0 | D:1      | TheLostOne the Gargoyle Gladiator began the quest for the
                  | Orb.
     0 | D:1      | Reached XP level 1. HP: 12/12 MP: 1/1
   283 | D:1      | Reached skill level 3 in Axes
   293 | D:1      | Reached XP level 2. HP: 15/17 MP: 2/2
   917 | D:2      | Reached XP level 3. HP: 21/21 MP: 3/3
  1095 | D:2      | Found a faded altar of an unknown god.
  1795 | D:3      | Reached skill level 1 in Armour
  1795 | D:3      | Found a snail-covered altar of Cheibriados.
  1924 | D:3      | Found an ancient bone altar of Kikubaaqudgha.
  1928 | D:3      | Noticed a human
  1933 | D:3      | Killed a human
  2110 | D:3      | Found a blossoming altar of Fedhas.
  2156 | D:3      | Reached XP level 4. HP: 27/27 MP: 4/4
  2299 | D:3      | Reached skill level 4 in Axes
  2377 | D:4      | Noticed Sigmund
  2377 | D:4      | Noticed a scorpion
  2574 | D:5      | Entered Level 5 of the Dungeon
  2614 | D:4      | Reached XP level 5. HP: 31/31 MP: 5/5
  2769 | D:4      | Noticed a black bear
  2784 | D:4      | Killed a black bear
  2785 | D:4      | Reached skill level 5 in Axes
  2785 | D:4      | Reached XP level 6. HP: 19/36 MP: 6/6
  2820 | D:4      | Noticed Natasha
  2829 | D:4      | Killed Natasha
  3116 | D:4      | Killed Sigmund
  3117 | D:4      | Reached skill level 6 in Axes
  3117 | D:4      | Reached XP level 7. HP: 14/41 MP: 7/7
  3229 | D:4      | Noticed Natasha
  3252 | D:4      | Killed Natasha
  3545 | D:4      | Noticed Natasha
  3555 | D:4      | Killed Natasha
  3569 | D:4      | Found a glowing silver altar of Zin.
  3878 | D:5      | Found a white marble altar of Elyvilon.
  3926 | D:5      | Reached skill level 7 in Axes
  3926 | D:5      | Reached XP level 8. HP: 44/48 MP: 8/8
  3927 | D:5      | Identified the +6 hunting sling "Jibri" {venom, rCorr
                  | Int+3}
  4011 | D:5      | Found a staircase to the Ecumenical Temple.
  4023 | Temple   | Entered the Ecumenical Temple
  4151 | Temple   | Became a worshipper of Warmaster Okawaru
  4566 | D:5      | Noticed Eustachio
  4588 | D:5      | Killed Eustachio
  4645 | D:5      | Noticed Pikel
  4657 | D:5      | Killed Pikel
  4657 | D:5      | Reached * piety under Okawaru
  4657 | D:5      | Reached ** piety under Okawaru
  4658 | D:5      | Reached skill level 8 in Axes
  4658 | D:5      | Reached XP level 9. HP: 45/52 MP: 9/9
  4709 | D:5      | Found a shimmering altar of Xom.
  4734 | D:5      | Reached skill level 9 in Axes
  5091 | D:5      | Found a bloodstained altar of Trog.
  5268 | D:6      | Reached skill level 5 in Armour
  5934 | D:6      | Found a hazy altar of Hepliaklqana.
  6060 | D:7      | Reached *** piety under Okawaru
  6061 | D:7      | Reached skill level 5 in Fighting
  6117 | D:7      | Reached skill level 10 in Axes
  6302 | D:7      | Reached skill level 1 in Polearms
  6302 | D:7      | Reached skill level 1 in Stealth
  6483 | D:7      | Reached XP level 10. HP: 31/59 MP: 10/10
  6515 | D:7      | Killed an unseen horror
  6730 | D:7      | Noticed Menkaure
  6731 | D:7      | Found Muofac's Jewellery Shop.
  6737 | D:7      | Killed Menkaure
  6759 | D:7      | Identified the +0 pair of boots of the Known World {rF+}
  6775 | D:7      | Found a glowing golden altar of the Shining One.
  6864 | D:7      | Found a shimmering blue altar of Sif Muna.
  7152 | D:8      | Reached **** piety under Okawaru
  7201 | D:8      | Noticed Prince Ribbit
  7219 | D:8      | Killed Prince Ribbit
  7220 | D:8      | Reached skill level 5 in Polearms
  8130 | D:9      | Found a staircase to the Orcish Mines.
  8207 | D:10     | Entered Level 10 of the Dungeon
  8279 | D:9      | Noticed a gargoyle
  8290 | D:9      | Killed a gargoyle
  8916 | D:10     | Noticed Erica
  8923 | D:10     | Killed Erica
  9009 | D:10     | Noticed a cyclops
  9029 | D:10     | Killed a cyclops
  9029 | D:10     | Reached ***** piety under Okawaru
  9030 | D:10     | Reached XP level 11. HP: 62/64 MP: 11/11
  9467 | D:10     | Identified the +4 dagger of World's End {vorpal, *Rage
                  | Str+2 Dex+4}
  9485 | D:10     | Found a stormy altar of Qazlal.
  9533 | D:11     | Noticed a two-headed ogre
  9787 | D:11     | Found Qiuxah's Antique Armour Boutique.
  9789 | D:11     | Identified the +1 falchion of Vosu Deo {vorpal, rC+}
  9833 | D:11     | Noticed a rakshasa
  9833 | D:11     | Noticed a boulder beetle
  9833 | D:11     | Noticed a deep elf pyromancer
  9833 | D:11     | Noticed a boulder beetle
  9838 | D:11     | Noticed a wizard
  9839 | D:11     | Noticed an eight-headed hydra
  9849 | D:11     | Demolished by a boulder beetle

Illustrated notes

Levels and vault maps discovered:
D:1:      heliophobic_arrival_enchanted_forest, layout_basic,
          minmay_pentomino_w2
D:2:      layout_basic, chequers_ecumenical_altar_simple
D:3:      layout_loops_ring, mainiacjoe_overflow_brackets,
          kennysheep_slug_shrine, tgw_kikubaaqudgha, grunt_ministairs_5
D:4:      layout_cave_pods, nicolae_overflow_crystal_walls, uniq_natasha,
          uniq_sigmund
D:5:      layout_loops_cross, mainiacjoe_overflow_concentric_impassable,
          led_xom_imps, kennysheep_little_box, temple_hall,
          lexackson_kobold_supper, uniq_pikel, uniq_eustachio
D:6:      layout_cave_pods, nicolae_hepliaklqana_monster_ancestors,
          skrybe_limestone_x
D:7:      minmay_spotlight, layout_rooms, led_sif_pool, tso_metal_star,
          serial_shops, nicolae_diamond_shop, uniq_menkaure
D:8:      layout_basic, mrwooster_statue_mirror, uniq_prince_ribbit1
D:9:      layout_long_grid, orc_0_dummy
D:10:     layout_stronghold, nicolae_qazlal_style_of_elements, serial_ice,
          serial_ice_c, serial_ice_a, serial_ice_k, serial_ice_m, uniq_erica
D:11:     layout_stronghold, lair_entry_dummy, serial_shops,
          nicolae_square_shop, nicolae_shop_waterfront, minivault_28
Temple:   minmay_temple_curvy_loop

Skill      XL: |  1  2  3  4  5  6  7  8  9 10 11 |
---------------+----------------------------------+-----
Axes           | 3 4 5 6 7 8 10 | 10.1
Armour         | 1 2 3 4 5 6 |  6.4
Fighting       | 3 4 5 6 |  6.1
Dodging        | 3 4 |  4.5
Polearms       | 2 7 8 |  8.7
Stealth        | 1 |  1.6
Throwing       | |  1.7

Action                   |  1- 3 |  4- 6 |  7- 9 | 10-12 || total
-------------------------+-------+-------+-------+-------++-------
Melee: War axe           |    98 |   117 |   237 |       ||   452
       Glaive            |       |       |    37 |   182 ||   219
Throw: Throwing net      |       |     2 |       |     3 ||     5
  Use: Scroll            |       |       |       |    15 ||    15
 Stab: Sleeping          |     1 |       |       |       ||     1
       Held in net/web   |       |       |       |     1 ||     1
Armor: Leather armour    |    33 |       |       |       ||    33
       Ring mail         |     8 |    49 |   192 |   153 ||   402
Dodge: Dodged            |    70 |    65 |   176 |   163 ||   474
       Repelled          |       |     1 |     4 |     6 ||    11
